[Event "Team 45 45 League T39"]
[Site "Internet Chess Club"]
[Date "2008.11.23"]
[Round "5"]
[White "Wheels"]
[Black "jonesey"]
[Result "1/2-1/2"]
[WhiteElo "1941"]
[BlackElo "2025"]
[Opening "Ruy Lopez: Anderssen variation"]
[ECO "C77"]
[Time "10:00:07"]
[TimeControl "2700+45"]

1. e4 e5 2. Nf3 Nc6 3. Bb5 a6 4. Ba4 Nf6 5. d3 b5 6. Bb3 Be7 7. O-O O-O 8. c3
Bb7 9. Nbd2 d5 10. Re1 Re8 11. exd5 Nxd5 12. Nxe5 Nxe5 13. Rxe5 Qd6 14. d4 Nf4
15. Ne4 Qg6 16. Bxf4 Bxe4 17. f3 Bc6 18. Bg3 Bd6 19. Rxe8+ Rxe8 20. Bxd6 Qxd6
21. Qd2 Qg6 22. Re1 Kf8 23. Rxe8+ Kxe8 24. Qe3+ Kf8 25. Kf2 a5 26. d5 Bd7 27.
Qc5+ Qd6 28. Qxd6+ cxd6 29. Ke3 Ke7 30. Kd4 Kd8 31. Bc2 h6 32. b3 Kc7 33. c4 Kb6
34. cxb5 Bxb5 35. a3 Bf1 36. g3 Be2 37. f4 Bf3 38. Bd3 Bd1 39. b4 axb4 40. axb4
Bf3 41. Bc4 Bg4 42. Ke3 Bd7 43. Kd4 Bh3 44. Ke4 Bg2+ 45. Ke3 Bh3 46. Kf3 Bd7 47.
Ke4 Bh3 48. f5 f6 49. Kf4 Bg2 50. g4 Bh1 51. h4 Bg2 52. g5 hxg5+ 53. hxg5 Bh1
54. gxf6 gxf6 {Game drawn by mutual agreement} 1/2-1/2

[Event "Team 45 45 League T39"]
[Site "Internet Chess Club"]
[Date "2008.11.19"]
[Round "5"]
[White "Qui"]
[Black "Philly-Boy"]
[Result "1-0"]
[WhiteElo "1958"]
[BlackElo "1790"]
[Opening "QGD: Chigorin defense"]
[ECO "D07"]
[Time "14:09:12"]
[TimeControl "2700+45"]

1. d4 d5 2. c4 Nc6 3. cxd5 Qxd5 4. Nf3 e5 5. Nc3 Bb4 6. Bd2 Bxc3 7. Bxc3 e4 8.
Ne5 f6 9. Nxc6 bxc6 10. e3 Ne7 11. b3 Qg5 12. Qc2 Qg6 13. Bb4 Bd7 14. Bxe7 Kxe7
15. Qc5+ Kd8 16. g3 h5 17. Ba6 Qg5 18. O-O-O Qxc5+ 19. dxc5 Rb8 20. Rd4 Re8 21.
Rhd1 Re7 22. Be2 g6 23. Ra4 Re5 24. Rxa7 Rxc5+ 25. Kb2 Rd5 26. Ra4 f5 27. Rad4
Rxd4 28. Rxd4 Ke7 29. h4 Be6 30. Kc3 Rg8 31. a4 g5 32. a5 gxh4 33. gxh4 c5 34.
Ra4 Bd7 35. Ra2 Kd6 36. a6 c6 37. a7 Ra8 38. Bxh5 Kc7 39. Bg6 Kd6 40. h5 Ke5 41.
Ra3 Bc8 42. Kc4 Bb7 43. Ra5 Rd8 44. Rxc5+ Rd5 45. Bf7 {Black resigns} 1-0

[Event "Team 45 45 League T39"]
[Site "Internet Chess Club"]
[Date "2008.11.22"]
[Round "5"]
[White "frothyjowels"]
[Black "baris"]
[Result "1/2-1/2"]
[WhiteElo "2236"]
[BlackElo "2124"]
[Opening "Van't Kruijs opening"]
[ECO "A00"]
[Time "15:18:10"]
[TimeControl "2700+45"]

1. e3 e5 2. Nf3 d6 3. b3 Nc6 4. Bb2 Nf6 5. Bb5 Bd7 6. O-O h6 7. Re1 Be7 8. a4 a6
9. Bxc6 Bxc6 10. d4 e4 11. Nfd2 d5 12. c4 a5 13. Qc1 b6 14. cxd5 Bxd5 15. Nc3
Bb7 16. Qc2 Bb4 {Game drawn by mutual agreement} 1/2-1/2

[Event "Team 45 45 League T39"]
[Site "Internet Chess Club"]
[Date "2008.11.22"]
[Round "5"]
[White "proudchess"]
[Black "NeoNietzschean"]
[Result "1/2-1/2"]
[WhiteElo "2075"]
[BlackElo "1951"]
[Opening "Caro-Kann: classical, Spassky variation"]
[ECO "B18"]
[Time "12:08:44"]
[TimeControl "2700+45"]

1. e4 c6 2. d4 d5 3. Nc3 dxe4 4. Nxe4 Bf5 5. Ng3 Bg6 6. Nf3 Nd7 7. h4 h6 8. h5
Bh7 9. Bd3 Bxd3 10. Qxd3 e6 11. Bf4 Qa5+ 12. Qd2 Qxd2+ 13. Kxd2 Ngf6 14. c4 c5
15. d5 exd5 16. Rhe1+ Kd8 17. Rad1 d4 18. Re2 g5 19. Be5 Nxe5 20. Nxe5 Rh7 21.
f3 Bd6 22. Nf5 Kc7 23. g4 Re8 24. Rde1 a6 25. Kc2 b5 26. b4 bxc4 27. Nxc4 Rxe2+
28. Rxe2 Bf8 29. bxc5 Bxc5 30. Rd2 Nd5 31. Nxd4 Bxd4 32. Rxd4 Kc6 33. Ne5+ Kc5
34. Rc4+ Kd6 35. Re4 f6 36. Nc4+ Kc5 37. Ne3 Nxe3+ 38. Rxe3 {Game drawn by
mutual agreement} 1/2-1/2

[Event "Team 45 45 League T39"]
[Site "Internet Chess Club"]
[Date "2008.11.22"]
[Round "5"]
[White "BRAINWAVE"]
[Black "political"]
[Result "1-0"]
[WhiteElo "1814"]
[BlackElo "1802"]
[Opening "Robatsch (modern) defense"]
[ECO "B07"]
[Time "14:03:59"]
[TimeControl "2700+45"]

1. e4 d6 2. d4 g6 3. Nc3 Bg7 4. h4 a6 5. h5 b5 6. a3 Nd7 7. Be3 Bb7 8. h6 Bf6 9.
g4 c5 10. d5 b4 11. axb4 cxb4 12. g5 bxc3 13. gxf6 cxb2 14. Ra2 Ngxf6 15. Rxb2
Qc7 16. Qd4 Nc5 17. Bg2 Qa5+ 18. Ke2 Bc8 19. e5 Nfd7 20. Nf3 Rg8 21. exd6 exd6
22. Ng5 Ne5 23. Nxh7 Ned7 24. Nf6+ Nxf6 25. Qxf6 Bg4+ 26. f3 Ne4 27. Qf4 Nc3+
28. Kf2 Nxd5 29. Qxg4 Nxe3 30. Qe4+ Kd7 31. Rb7+ Kd8 32. Qe7+ {Black resigns}
1-0

[Event "Team 45 45 League T39"]
[Site "Internet Chess Club"]
[Date "2008.11.21"]
[Round "5"]
[White "zeigmata"]
[Black "KNVB"]
[Result "1/2-1/2"]
[WhiteElo "2291"]
[BlackElo "2381"]
[Opening "Queen's pawn game"]
[ECO "A46"]
[Time "17:00:07"]
[TimeControl "2700+45"]

1. d4 Nf6 2. Nf3 c5 3. e3 b6 4. Be2 Bb7 5. O-O e6 6. c4 d6 7. Nc3 Nbd7 8. b3 a6
9. Bb2 Qc7 10. Qc2 Be7 11. Rfd1 cxd4 12. Nxd4 O-O 13. Rac1 Rac8 14. Qb1 Qb8 15.
Bf3 Rfd8 16. Bxb7 Qxb7 17. f3 Bf8 18. e4 Nc5 19. Rc2 g6 20. Bc1 e5 21. Nde2 h6
22. a4 Kh7 23. Be3 Ne6 24. Qc1 Nc7 25. Rdd2 b5 26. axb5 axb5 27. Nd5 Nfxd5 28.
cxd5 Na6 29. Rxc8 Rxc8 30. Rc2 Nc5 31. Qd1 Be7 32. Nc1 Bd8 33. Nd3 Nxd3 34. Rxc8
Bb6 35. Qxd3 Bxe3+ 36. Qxe3 Qxc8 37. h3 b4 38. Qb6 Qc1+ 39. Kh2 Qf4+ 40. Kg1
Qc1+ 41. Kh2 Qd2 42. Qxd6 Qf4+ {Game drawn by mutual agreement} 1/2-1/2

[Event "Team 45 45 League T39"]
[Site "Internet Chess Club"]
[Date "2008.11.24"]
[Round "5"]
[White "Zumbi"]
[Black "Extremophile"]
[Result "0-1"]
[WhiteElo "2067"]
[BlackElo "1850"]
[Opening "Petrov: Kaufmann attack"]
[ECO "C42"]
[Time "21:01:00"]
[TimeControl "2700+45"]

1. e4 e5 2. Nf3 Nf6 3. Nxe5 d6 4. Nf3 Nxe4 5. c4 Be7 6. d4 d5 7. Nc3 Nxc3 8.
bxc3 O-O 9. Qc2 c5 10. Bd3 g6 11. h4 dxc4 12. Bxc4 Bf5 13. Qd2 Nc6 14. h5 cxd4
15. hxg6 Bxg6 16. Nxd4 Nxd4 17. cxd4 Bf6 18. Bb2 Rc8 19. Bb3 Re8+ 20. Kf1 Qb6
21. Rd1 Qa6+ 22. Kg1 Re2 23. Qf4 Rxb2 24. Rh3 Rd8 25. Rf3 Kg7 26. g4 Qd6 27. Qc1
Bxd4 28. Qc4 Rxb3 29. axb3 Bxf2+ 30. Rxf2 Qxd1+ 31. Kg2 Rd4 32. Qc3 Qxg4+ 33.
Kh2 Qh4+ 34. Kg1 Kg8 35. Qc8+ Rd8 36. Qc1 Qg4+ 37. Kh2 Be4 38. Qf4 Qxf4+ 39.
Rxf4 f5 {White resigns} 0-1

[Event "Team 45 45 League T39"]
[Site "Internet Chess Club"]
[Date "2008.11.20"]
[Round "5"]
[White "decox"]
[Black "playwaycool"]
[Result "1/2-1/2"]
[WhiteElo "1946"]
[BlackElo "2116"]
[Opening "Ruy Lopez: closed, Keres (...Nd7) defense"]
[ECO "C96"]
[Time "21:05:27"]
[TimeControl "2700+45"]

1. e4 e5 2. Nf3 Nc6 3. Bb5 a6 4. Ba4 Nf6 5. O-O Be7 6. Re1 b5 7. Bb3 d6 8. c3
O-O 9. h3 Na5 10. Bc2 c5 11. d4 Nd7 12. Nbd2 exd4 13. cxd4 Nc6 14. d5 Nce5 15.
a4 Rb8 16. Nxe5 Nxe5 17. f4 Ng6 18. Nf3 Bh4 19. Nxh4 Qxh4 20. f5 Ne5 21. axb5
axb5 22. Rf1 Bd7 23. Bf4 Ra8 24. Bxe5 dxe5 25. b3 Qf6 26. Qe2 Qb6 27. Kh1 b4 28.
Rxa8 Rxa8 29. Bd3 Ra3 30. Bc4 Qa5 31. Qb2 f6 32. d6+ Kf8 33. Qd2 Qa8 34. Bd5 Qa6
35. Bc4 Qa8 36. Qe2 h6 37. Rd1 Ra1 38. Bd5 Rxd1+ 39. Qxd1 Qa6 40. Bc4 Qc6 41.
Qd3 h5 42. h4 Ke8 43. Qf3 Qxd6 44. Qxh5+ Kd8 45. Qh8+ Kc7 46. Qxg7 Qd1+ 47. Kh2
Qe1 48. Qg4 Bc6 49. Bd5 Bxd5 50. exd5 Kd6 51. h5 Qc1 52. Qg6 Qf4+ 53. Kh3 Kxd5
54. h6 Qe3+ 55. Kh2 Qf4+ 56. Kh3 Qe3+ 57. g3 Qc1 58. Qg8+ Ke4 59. Qg4+ Ke3 60.
Kh4 Qh1+ 61. Qh3 Qb7 62. g4+ Kd4 63. Kg3 Qh7 64. Kf2 e4 65. Qe3+ Kd5 66. Kg3 Qe7
67. Qd2+ Kc6 68. Qe2 Qd6+ 69. Kf2 Qh2+ 70. Ke1 Qh1+ 71. Kf2 Qh2+ 72. Ke1 Qh1+
73. Kf2 Qh2+ 74. Ke1 {Game drawn by repetition} 1/2-1/2

[Event "Team 45 45 League T39"]
[Site "Internet Chess Club"]
[Date "2008.11.21"]
[Round "5"]
[White "shakkimestari"]
[Black "Hesperus"]
[Result "0-1"]
[WhiteElo "2038"]
[BlackElo "1993"]
[Opening "Pirc: classical, h3 system"]
[ECO "B08"]
[Time "08:00:10"]
[TimeControl "2700+45"]

1. e4 d6 2. d4 Nf6 3. Nc3 g6 4. Nf3 Bg7 5. h3 O-O 6. Be3 a6 7. a4 b6 8. e5 Nfd7
9. e6 fxe6 10. Bc4 Nf6 11. d5 e5 12. Ng5 h6 13. Nge4 Nbd7 14. g4 Nxe4 15. Nxe4
Nf6 16. Nxf6+ exf6 17. Qd2 Kh7 18. f4 exf4 19. Bxf4 Qe7+ 20. Kf2 f5 21. Rae1
Qh4+ 22. Bg3 fxg4+ 23. Kg2 gxh3+ 24. Kh2 Qxc4 25. Re7 Kg8 {White resigns} 0-1

[Event "Team 45 45 League T39"]
[Site "Internet Chess Club"]
[Date "2008.11.23"]
[Round "5"]
[White "XelNaga"]
[Black "cillu"]
[Result "1-0"]
[WhiteElo "2426"]
[BlackElo "2170"]
[Opening "QGA, Bogolyubov variation"]
[ECO "D24"]
[Time "15:02:29"]
[TimeControl "2700+45"]

1. d4 d5 2. c4 dxc4 3. Nf3 Nf6 4. Nc3 a6 5. e4 b5 6. e5 Nd5 7. a4 e6 8. axb5 Nb6
9. Be3 axb5 10. Rxa8 Nxa8 11. Nxb5 Nb6 12. Be2 Be7 13. O-O O-O 14. Qc2 Nc6 15.
Ra1 Nb4 16. Qe4 N4d5 17. Bd2 c5 18. Qg4 Kh8 19. Ra7 Bd7 20. Nc3 f5 21. exf6 gxf6
22. Nxd5 exd5 23. Qf4 Nc8 24. Ra6 Bb5 25. Ra5 Qd7 26. dxc5 Bd8 27. Ra3 c3 28.
Bxb5 cxd2 29. Be2 {Black resigns} 1-0

[Event "Team 45 45 League T39"]
[Site "Internet Chess Club"]
[Date "2008.11.22"]
[Round "5"]
[White "Squeaker"]
[Black "frothyjowels"]
[Result "0-1"]
[WhiteElo "1994"]
[BlackElo "2243"]
[Opening "French defense"]
[ECO "C01"]
[Time "17:00:38"]
[TimeControl "2700+45"]

1. d4 d5 2. e4 e6 3. c4 Nc6 4. Nc3 Bb4 5. e5 Nge7 6. f4 O-O 7. Nf3 f6 8. Bd3
fxe5 9. Bxh7+ Kxh7 10. Ng5+ Kg8 11. Qh5 Rf5 12. Qh7+ Kf8 13. O-O exd4 14. Ne2 d3
15. Ng3 dxc4 16. Be3 Nd4 17. Nh5 Ne2+ 18. Kh1 Ke8 19. Nxg7+ Kd7 20. N5xe6 Qg8
21. Qh3 Kd6 22. Nxf5+ Nxf5 23. Qxf5 Bxe6 24. Qe5+ Kc6 25. Rf2 Bd6 26. Qa5 b6 27.
Qd2 Rf8 28. b3 Ng3+ 29. hxg3 Qh8+ 30. Kg1 Qxa1+ 31. Rf1 Qg7 32. bxc4 Bxc4 33.
Rc1 b5 34. a4 a6 35. Qxd3 Kb7 36. Qe4+ c6 37. Rd1 Rd8 38. axb5 axb5 39. Rb1 Qc3
40. Bd4 Qd3 41. Qxd3 Bxd3 42. Rd1 Bc4 43. Kf2 Bd5 44. Be3 Rg8 45. Ke2 Rxg3 46.
Rg1 Rxg2+ 47. Rxg2 Bxg2 48. Kd3 c5 49. f5 Bd5 50. f6 Kc6 51. Bg5 Be5 52. Bh4 c4+
53. Kc2 b4 54. Kb1 b3 55. Bg5 Be4+ 56. Kc1 b2+ 57. Kd2 b1=Q 58. f7 Qd3+ 59. Kc1
Qc2# {White checkmated} 0-1

[Event "Team 45 45 League T39"]
[Site "Internet Chess Club"]
[Date "2008.11.23"]
[Round "5"]
[White "PandorasBox"]
[Black "taulanipov"]
[Result "1-0"]
[WhiteElo "2254"]
[BlackElo "2085"]
[Opening "French: Albin-Alekhine-Châtard attack, Spielmann variation"]
[ECO "C13"]
[Time "04:00:10"]
[TimeControl "2700+45"]

1. d4 Nf6 2. Nc3 e6 3. e4 d5 4. Bg5 Be7 5. e5 Nfd7 6. h4 O-O 7. Qh5 f5 8. Nf3
Qe8 9. Qxe8 Rxe8 10. O-O-O a6 11. Bxe7 Rxe7 12. h5 c5 13. dxc5 Nxc5 14. Nd4 Nc6
15. Nxc6 bxc6 16. f4 a5 17. Be2 a4 18. a3 Rb7 19. Rd4 Rab8 20. Nxa4 Nxa4 21.
Rxa4 Rxb2 22. Rh3 c5 23. h6 g6 24. Ra7 R2b7 25. Rxb7 Rxb7 26. Ba6 Rc7 27. Bxc8
Rxc8 28. Rb3 Ra8 29. Kb2 Ra4 30. Rb8+ Kf7 31. Rh8 Rxf4 32. Rxh7+ Kg8 33. Rg7+
Kh8 34. Rxg6 Kh7 35. Rxe6 Rg4 36. Rf6 Rxg2 37. Rxf5 Re2 38. e6 Rxe6 39. Rxd5 Rc6
40. Rh5 Rb6+ 41. Kc3 Ra6 42. Rxc5 Rxa3+ 43. Kb4 Ra1 44. Rc6 Rb1+ 45. Kc5 Rc1 46.
c4 Rc2 47. Rd6 Rc1 48. Kd5 Rd1+ 49. Kc6 Rc1 50. c5 Rc2 51. Kb6 Rb2+ 52. Kc7 Rc2
53. c6 Rb2 54. Kd7 Rg2 {Black resigns} 1-0

[Event "Team 45 45 League T39"]
[Site "Internet Chess Club"]
[Date "2008.11.22"]
[Round "5"]
[White "emerald"]
[Black "proudchess"]
[Result "0-1"]
[WhiteElo "1924"]
[BlackElo "2102"]
[Opening "Trompowsky attack (Ruth, Opocenský opening)"]
[ECO "A45"]
[Time "23:54:09"]
[TimeControl "2700+45"]

1. d4 Nf6 2. Bg5 e6 3. e4 Bb4+ 4. c3 Be7 5. e5 Nd5 6. Bxe7 Qxe7 7. a3 O-O 8. c4
Nf4 9. Nf3 f6 10. Nc3 fxe5 11. dxe5 Nc6 12. Qd2 Ng6 13. Qe3 Rf5 14. Bd3 Nf4 15.
Bf1 b6 16. g3 Ng6 17. Bd3 Rh5 18. Bxg6 hxg6 19. O-O-O Bb7 20. Rhe1 Na5 21. Nd2
Rxh2 22. b4 Nc6 23. f4 a5 24. b5 Qxa3+ 25. Kb1 Nb4 26. Rc1 Kf7 27. Re2 Rah8 28.
Nf3 Qb3+ 29. Ka1 Rxe2 30. Ng5+ Ke7 31. Qxe2 Rh1 32. Nd1 Rxd1 33. Qxd1 Qa2#
{White checkmated} 0-1

[Event "Team 45 45 League T39"]
[Site "Internet Chess Club"]
[Date "2008.11.22"]
[Round "5"]
[White "ET3000"]
[Black "menorca"]
[Result "1/2-1/2"]
[WhiteElo "2000"]
[BlackElo "2105"]
[Opening "Petrov: classical attack"]
[ECO "C42"]
[Time "11:30:24"]
[TimeControl "2700+45"]

1. e4 e5 2. Nf3 Nf6 3. Nxe5 d6 4. Nf3 Nxe4 5. d4 d5 6. Bd3 Nc6 7. c3 Bg4 8. h3
Bh5 9. Qc2 f5 10. Be3 Qd6 11. g4 fxg4 12. hxg4 Bxg4 13. Bxe4 dxe4 14. Qxe4+ Qe6
15. Qxe6+ Bxe6 16. Ng5 Bg8 17. Nd2 h6 18. Ngf3 O-O-O 19. Ke2 Bd6 20. b3 Re8 21.
Rag1 Rh7 22. Kd1 g5 23. Kc2 Ree7 24. Rh5 Bf7 25. Rhh1 Bg6+ 26. Kb2 Ref7 27. Nh4
Bd3 28. Ng2 h5 29. Ne1 Be2 30. Rxg5 h4 31. Rg8+ Rf8 32. Rxf8+ Bxf8 33. Ng2 Be7
34. Nf4 Bg4 35. f3 Bf5 36. Ne4 Kd7 37. Nf2 Nd8 38. N4h3 Rg7 39. Rg1 Rg3 40. Rxg3
hxg3 41. Ng4 Nf7 42. c4 Bh4 43. Nf4 Bxg4 44. fxg4 Nh6 45. Ng2 Nxg4 46. Bf4 Bf6
47. Bxg3 Bxd4+ 48. Ka3 Nf6 49. Ne1 Ne4 50. Bf4 Nc3 51. Nd3 Nb1+ 52. Kb4 a6 53.
c5 Kc6 54. Kc4 Bf6 55. Nb4+ Kd7 56. Nd5 Bd8 57. b4 Na3+ 58. Kb3 Nb5 59. a4 c6
60. Nc3 Nd4+ 61. Kc4 Ne6 62. Bd6 Ng5 63. a5 Ke6 64. Ne2 Ne4 65. Nd4+ Kd7 66. Be5
Bg5 67. Kd3 Nf2+ 68. Kc4 Be3 69. Nc2 Ng4 70. Bc3 Ke6 71. Kd3 Bg1 72. Bd4 Bh2 73.
Ke4 Nh6 74. Ne3 Bg1 75. Nc4 Bxd4 76. Kxd4 Nf5+ 77. Kc3 Kd5 78. Nb6+ Ke6 79. Nc4
Kd7 80. Kd3 Ne7 81. Nb6+ Ke6 82. Kd4 Kf5 83. Nc4 Nd5 84. Nd6+ Ke6 85. Kc4 Ne3+
86. Kb3 Nf5 87. Nxb7 Kd7 88. Kc4 Kc7 89. Nd6 Nxd6+ 90. cxd6+ Kxd6 91. Kd4 Kd7
92. Kc5 Kc7 {Game drawn by mutual agreement} 1/2-1/2

[Event "Team 45 45 League T39"]
[Site "Internet Chess Club"]
[Date "2008.11.23"]
[Round "5"]
[White "tini3blas"]
[Black "snottgoblin"]
[Result "1-0"]
[WhiteElo "2157"]
[BlackElo "2050"]
[Opening "Pirc defense"]
[ECO "B07"]
[Time "09:06:57"]
[TimeControl "2700+45"]

1. e4 d6 2. d4 Nf6 3. f3 g6 4. Be3 Bg7 5. Nc3 c6 6. Qd2 Nbd7 7. O-O-O b5 8. e5
b4 9. exf6 bxc3 10. Qxc3 Nxf6 11. Qxc6+ Bd7 12. Qa6 Nd5 13. Bg5 Nb4 14. Qa3 Rb8
15. c3 Qc7 16. Re1 Be6 17. Kd1 O-O 18. cxb4 Bxd4 19. Bd3 Rfc8 20. Ne2 Bf2 21.
Ref1 Bb6 22. Kd2 Qb7 23. Rc1 Qd5 24. h4 a5 25. Nf4 Qd4 26. Nxe6 Qf2+ 27. Be2
fxe6 28. Be3 Qg3 29. Rxc8+ Rxc8 30. Bxb6 Qxg2 31. Qb3 d5 32. Rg1 Qh2 33. bxa5
Qf4+ 34. Qe3 Qb4+ 35. Kd1 Qxb2 36. Qxe6+ Kg7 37. Qxc8 {Black resigns} 1-0

[Event "Team 45 45 League T39"]
[Site "Internet Chess Club"]
[Date "2008.11.22"]
[Round "5"]
[White "Kingmaker"]
[Black "RedAttack"]
[Result "0-1"]
[WhiteElo "1963"]
[BlackElo "1993"]
[Opening "Trompowsky attack (Ruth, Opocenský opening)"]
[ECO "A45"]
[Time "16:01:40"]
[TimeControl "2700+45"]

1. d4 Nf6 2. Bg5 e6 3. e4 Be7 4. f3 d5 5. Bxf6 Bxf6 6. e5 Be7 7. Bd3 c5 8. c3
Nc6 9. Ne2 Qb6 10. Qb3 Qxb3 11. axb3 a6 12. O-O O-O 13. f4 cxd4 14. cxd4 Nxd4
15. Nxd4 Bc5 16. Bxh7+ Kxh7 17. Rd1 f6 18. Nc3 fxe5 19. fxe5 Rf4 20. Ne2 Re4 21.
Rac1 Bb6 22. Kf1 Rxe5 23. Nf3 Rf5 24. Ng3 Rf4 25. Ke2 Bd7 26. Re1 Ba5 27. Red1
Bb5+ 28. Ke3 Rb4 29. Rc3 Rd8 30. Kf2 Bb6+ 31. Ke1 d4 32. Rc2 Rxb3 33. Nd2 Re3+
34. Kf2 d3 35. Rcc1 Rf8+ 36. Nf3 Rexf3+ 37. Ke1 Re3+ 38. Kd2 Rf2+ 39. Kc3 d2+
{White resigns} 0-1

[Event "Team 45 45 League T39"]
[Site "Internet Chess Club"]
[Date "2008.11.23"]
[Round "5"]
[White "NFork"]
[Black "Road-Runner"]
[Result "0-1"]
[WhiteElo "2216"]
[BlackElo "2318"]
[Opening "Nimzovich-Larsen attack: classical variation"]
[ECO "A01"]
[Time "11:01:35"]
[TimeControl "2700+45"]

1. b3 d5 2. Bb2 Nf6 3. e3 e6 4. f4 c5 5. Nf3 Nc6 6. Bb5 Bd7 7. O-O Qc7 8. d3 Bd6
9. Nbd2 d4 10. Bxc6 Bxc6 11. Nc4 b5 12. Nxd6+ Qxd6 13. exd4 Qxf4 14. Qd2 Qxd2
15. Nxd2 cxd4 16. Bxd4 Nd5 17. Ne4 O-O 18. Nc3 Nxc3 19. Bxc3 Rfc8 20. Bd4 f6 21.
b4 a5 22. a3 e5 23. Bb6 a4 24. Rae1 Re8 25. Re3 Rac8 26. Bc5 Rcd8 27. Rg3 Kf7
28. Rh3 h6 29. Re3 g6 30. Rh3 h5 31. Re3 f5 32. g3 e4 33. d4 Bd5 34. Kf2 h4 35.
Kg2 Rh8 36. Bb6 Rc8 37. Rf2 Ke6 38. Bc5 hxg3 39. hxg3 Rh7 40. Kf1 Rh1+ 41. Ke2
Rch8 42. Kd2 Rg1 43. Rfe2 Rh3 44. Rf2 Rgxg3 45. Rxg3 Rxg3 46. Rh2 Rxa3 47. Rh7
Rg3 48. Re7+ Kf6 49. Ra7 a3 50. Bd6 Rg2+ 51. Kc3 a2 52. Be7+ Ke6 53. Bd8 Rg1 54.
Kb2 Rb1+ 55. Kc3 a1=Q+ 56. Rxa1 Rxa1 {White resigns} 0-1

[Event "Team 45 45 League T39"]
[Site "Internet Chess Club"]
[Date "2008.11.21"]
[Round "5"]
[White "Petrozjan"]
[Black "eurander"]
[Result "1-0"]
[WhiteElo "2197"]
[BlackElo "2229"]
[Opening "Grünfeld: Russian, Byrne (Simagin) variation"]
[ECO "D97"]
[Time "15:07:44"]
[TimeControl "2700+45"]

1. d4 Nf6 2. Nf3 g6 3. c4 Bg7 4. Nc3 d5 5. Qb3 dxc4 6. Qxc4 O-O 7. e4 Nc6 8. Be2
Nd7 9. d5 Nce5 10. Nxe5 Bxe5 11. Bh6 Nb6 12. Qb3 Re8 13. f4 e6 14. Bg5 Bf6 15.
Bxf6 Qxf6 16. O-O exd5 17. e5 Qd8 18. Rad1 Be6 19. Nb5 a6 20. Nd4 c5 21. Nxe6
fxe6 22. Kh1 Qc7 23. Qh3 Nd7 24. Bg4 Nf8 25. Qh6 Qg7 26. Qh3 Qe7 27. Qh6 Qg7 28.
Qh3 Rad8 29. Rd2 c4 30. Rd4 Qe7 31. Rfd1 b5 32. R1d2 Rb8 33. Bd1 Kg7 34. g4 Nd7
35. Bc2 Rf8 36. Qg3 Kh8 37. f5 gxf5 38. gxf5 Rg8 39. Qe3 Qg7 40. f6 Qg5 41. Rf4
Nf8 42. h4 Qg3 43. Qxg3 Rxg3 44. Kh2 Rg8 45. Kh3 Ng6 46. Rff2 Nxe5 47. Rde2 Ng4
48. Rf4 h5 49. f7 Rgf8 50. Rxe6 Rb7 51. Bg6 Nh6 52. Re8 Kg7 53. Bxh5 Nxf7 54.
Rg4+ Kh6 55. Rxf8 Kxh5 56. Rg7 {Black resigns} 1-0

[Event "Team 45 45 League T39"]
[Site "Internet Chess Club"]
[Date "2008.11.21"]
[Round "5"]
[White "Gil-galad"]
[Black "KarloTurk"]
[Result "1-0"]
[WhiteElo "2114"]
[BlackElo "2050"]
[Opening "Semi-Benoni (`blockade variation')"]
[ECO "A44"]
[Time "14:23:07"]
[TimeControl "2700+45"]

1. d4 c5 2. d5 e5 3. e4 d6 4. Nc3 g6 5. a4 Bg7 6. Be2 Ne7 7. g4 a6 8. h4 f5 9.
gxf5 gxf5 10. Bh5+ Ng6 11. exf5 Bxf5 12. Bg5 Qd7 13. Qd2 O-O 14. f3 Qf7 15. Nge2
Nd7 16. O-O-O b5 17. Ng3 Nf6 18. Nxf5 Nxh5 19. Nxd6 Qxf3 20. Nce4 bxa4 21. Qe3
Rab8 22. Qxc5 Ngf4 23. Rhe1 a3 24. Qxa3 Ne2+ 25. Rxe2 Qxe2 26. Nc3 Qg4 27. Nde4
Nf4 28. d6 Ne6 29. Be7 Rf7 30. d7 Nd8 31. Qd6 Ra8 32. Ng5 Nb7 33. Qd5 Qf4+ 34.
Kb1 Rb8 35. Nxf7 Qxf7 36. Qxf7+ Kxf7 37. d8=Q Nxd8 38. Bxd8 e4 39. Rd7+ Kf8 40.
Ba5 e3 41. Kc1 e2 42. Kd2 Rxb2 43. Nxe2 Ra2 44. Bc3 Bh6+ 45. Kd3 Ra4 46. Nd4 Kg8
47. Nf5 Bf8 48. Bd4 Ra5 49. Ke4 Rb5 50. c4 Rb1 51. Kd5 a5 52. Ne7+ Kf7 53. Nc6+
Ke8 54. Rxh7 a4 55. Ra7 a3 56. Ke6 Re1+ 57. Be5 Rxe5+ {Black resigns} 1-0

[Event "Team 45 45 League T39"]
[Site "Internet Chess Club"]
[Date "2008.11.20"]
[Round "5"]
[White "adh2050"]
[Black "The7thGuest"]
[Result "1/2-1/2"]
[WhiteElo "2036"]
[BlackElo "2068"]
[Opening "English: symmetrical variation"]
[ECO "A37"]
[Time "14:05:34"]
[TimeControl "2700+45"]

1. Nf3 g6 2. c4 Bg7 3. Nc3 c5 4. g3 Nc6 5. Bg2 f5 6. O-O Nf6 7. d4 cxd4 8. Nxd4
O-O 9. Nc2 b6 10. b4 Bb7 11. Rb1 Qc8 12. Bg5 Ne5 13. Nd5 Nxd5 14. cxd5 e6 15.
Ne3 h6 16. Be7 Re8 17. Bd6 Nc4 18. Rc1 Nxe3 19. fxe3 Qd8 20. e4 Bf8 21. Bxf8
Rxf8 22. e5 Rc8 23. d6 Bxg2 24. Kxg2 Rxc1 25. Qxc1 Qa8+ 26. Kg1 g5 27. h4 Qe4
28. hxg5 Qxe5 29. gxh6 Qxg3+ 30. Kh1 Qh3+ 31. Kg1 Qg3+ 32. Kh1 {Game drawn by
mutual agreement} 1/2-1/2

[Event "Team 45 45 League T39"]
[Site "Internet Chess Club"]
[Date "2008.11.22"]
[Round "5"]
[White "kingcapture"]
[Black "Elddir"]
[Result "0-1"]
[WhiteElo "2282"]
[BlackElo "2122"]
[Opening "Giuoco Piano"]
[ECO "C50"]
[Time "16:23:36"]
[TimeControl "2700+45"]

1. e4 e5 2. Nf3 Nc6 3. Bc4 Bc5 4. O-O Nf6 5. d4 Bxd4 6. Nxd4 Nxd4 7. Nc3 h6 8.
f4 d6 9. Be3 Nc6 10. f5 Bd7 11. Bf2 Ne7 12. Bh4 Bc6 13. Qf3 Qd7 14. b4 a6 15. a4
b6 16. b5 Bb7 17. a5 axb5 18. Bxb5 c6 19. Bd3 b5 20. Qg3 Rh7 21. Rfb1 Ba6 22.
Nd1 Nh5 23. Qe3 Nf4 24. Bf1 g5 25. Bf2 Nh5 26. c4 bxc4 27. Nc3 Nf6 28. h3 Qc7
29. Qb6 Kd7 30. Rd1 Nc8 31. Qe3 Ke7 32. Be2 Nd7 33. Na4 Qxa5 34. Nb2 Qc7 35.
Bxc4 Bb7 36. Rxa8 Bxa8 37. Qb3 Nf6 38. Bd3 c5 39. Re1 Qb7 40. Qa2 Nb6 41. Nc4
Nxc4 42. Qxc4 Rh8 43. Ra1 Nxe4 44. Bxe4 Qxe4 45. Ra7+ Kd8 46. Qb5 Qxg2# {White
checkmated} 0-1

[Event "Team 45 45 League T39"]
[Site "Internet Chess Club"]
[Date "2008.11.23"]
[Round "5"]
[White "parrot9"]
[Black "JCMDonet"]
[Result "0-1"]
[WhiteElo "1678"]
[BlackElo "1989"]
[Opening "Petrov three knights game"]
[ECO "C42"]
[Time "14:51:13"]
[TimeControl "2700+45"]

1. e4 e5 2. Nf3 Nf6 3. Nc3 Bb4 4. Bc4 d6 5. d3 O-O 6. h3 d5 7. exd5 Nxd5 8. Bd2
Nxc3 9. bxc3 Bd6 10. O-O Qf6 11. Re1 Nd7 12. d4 exd4 13. cxd4 h6 14. Bd3 b6 15.
c4 Bb7 16. d5 Rfe8 17. Qc2 Ne5 18. Nd4 Bc5 19. Be3 Bxd4 20. Bxd4 Nf3+ 21. gxf3
Qxd4 22. Bh7+ Kh8 23. Qf5 Rxe1+ 24. Rxe1 Qxc4 25. Qxf7 Kxh7 26. Re7 Qd4 27. Rxc7
Bxd5 28. Qf5+ Kh8 29. Rd7 Qa1+ 30. Kg2 Bc4 31. Qe4 Qf1+ 32. Kg3 Qg1+ 33. Kf4
Qg5# {White checkmated} 0-1

[Event "Team 45 45 League T39"]
[Site "Internet Chess Club"]
[Date "2008.11.24"]
[Round "5"]
[White "pestka"]
[Black "easycure"]
[Result "0-1"]
[WhiteElo "2239"]
[BlackElo "2398"]
[Opening "English opening"]
[ECO "A05"]
[Time "07:34:04"]
[TimeControl "2700+45"]

1. Nf3 Nf6 2. c4 e6 3. Nc3 Rg8 4. d4 Bb4 5. Qb3 Qe7 6. Bg5 h6 7. Bxf6 gxf6 8. a3
Bxc3+ 9. Qxc3 f5 10. g3 b6 11. Bg2 Bb7 12. O-O-O d6 13. Nh4 Bxg2 14. Nxg2 Nd7
15. Qf3 Rb8 16. e4 fxe4 17. Qxe4 Nf6 18. Qf4 b5 19. cxb5 Rg5 20. Rd2 Rgxb5 21.
Qxh6 d5 22. Re1 Ne4 23. Rde2 Kd7 24. Ne3 Rxb2 25. Rxb2 Qxa3 26. Nd1 Qa1+ 27. Kc2
Rxb2+ 28. Nxb2 Qxe1 29. Qe3 Qxf2+ 30. Qxf2 Nxf2 31. Kd2 Ne4+ 32. Ke3 Kd6 33. g4
c5 34. h4 cxd4+ 35. Kxd4 e5+ 36. Ke3 Nc5 37. h5 d4+ 38. Kf3 Ke6 39. Nc4 e4+ 40.
Kf4 e3 41. Kf3 Kf6 42. Nd6 Ne6 43. Ne4+ Kg7 44. Ng3 a5 45. Ke4 a4 46. Kd3 a3 47.
Kc2 d3+ 48. Kb3 e2 {White resigns} 0-1